 Dungeon Crawl Stone Soup version 0.29-a0-757-g358383bc75 (webtiles) character file.

Game seed: 6994562122699475168

1415 zishaf the Shooter (level 8, 0/59 (68) HPs)
             Began as a Demigod Hunter on June 30, 2022.
             Slain by a wight
             ... wielding a +4 dagger of freezing
              (3 damage)
             ... on level 5 of the Dungeon.
             The game lasted 00:08:29 (3874 turns).

zishaf the Shooter (Demigod Hunter)                 Turns: 3874, Time: 00:08:29

HP:   0/59 (68)     AC:  5    Str: 12    XL:     8   Next: 19%
MP:   10/10         EV: 14    Int: 11    God:
Gold: 257           SH:  0    Dex: 25    Spells: 4/7 levels left

rFire   . . .      SeeInvis .   a - +0 shortbow
rCold   + . .      Faith    .   (shield currently unavailable)
rNeg    . . .      Spirit   .   e - +0 ring mail
rPois   .          Reflect  .   (no helmet)
rElec   .          Harm     .   A - scarf {+Inv}
rCorr   .          Rampage  .   (no gloves)
Will    .....                   (no boots)
Stlth   ++........              d - amulet of regeneration
HPRegen 0.99/turn               p - ring of protection from cold
MPRegen 0.12/turn               (no ring)

@: heavily drained
A: high MP 1, forlorn, divine attributes
a: Evoke Invisibility


You were on level 5 of the Dungeon.
You visited 1 branch of the dungeon, and saw 6 of its levels.

You collected 257 gold pieces.

Inventory:

Hand Weapons
 a - a +0 shortbow (weapon)
 g - a +0 dagger of holy wrath
Armour
 c - a +0 leather armour
 e - a +0 ring mail (worn)
 A - a scarf of invisibility (worn)
Jewellery
 d - an amulet of regeneration (around neck)
 p - a ring of protection from cold (left hand)
 v - an amulet of magic regeneration
 y - a +4 ring of evasion
 z - a ring of ice
Wands
 n - a wand of flame (28)
 s - a wand of iceblast (9)
Scrolls
 b - 7 scrolls of immolation
 j - 3 scrolls of teleportation {unknown}
 k - a scroll of enchant armour {unknown}
 l - 2 scrolls of torment {unknown}
 o - a scroll of blinking {unknown}
 q - a scroll of poison {unknown}
 r - 3 scrolls of noise {unknown}
 t - a scroll of amnesia {unknown}
 x - a scroll of acquirement {unknown}
Potions
 f - 3 potions of curing
 h - a potion of attraction
 i - a potion of degeneration {unknown}
 m - 3 potions of ambrosia
 u - 2 potions of heal wounds
 w - a potion of might {unknown}


   Skills:
 + Level 5.2 Fighting
 + Level 6.1 Ranged Weapons
 + Level 5.2 Dodging
 - Level 0.8 Stealth
 + Level 3.9 Evocations


You had 4 spell levels left.
You knew the following spells:

 Your Spells              Type           Power      Damage    Failure   Level
a - Swiftness             Air            0%         N/A       94%         3

Your spell library contained the following spells:

 Spells                   Type           Power      Damage    Failure   Level
 Shock                    Conj/Air       0%         1d3       63%         1
 Slow                     Hex            0%         N/A       63%         1
 Confusing Touch          Hex            0%         N/A       94%         3
 Frozen Ramparts          Ice            0%         1d2       94%         3
 Vampiric Draining        Necr           0%         2d6       94%         3
 Airstrike                Air            0%         N/A       100%        4
 Ice Form                 Ice/Tmut       0%         N/A       100%        4
 Summon Ice Beast         Ice/Summ       0%         N/A       100%        4


Dungeon Overview and Level Annotations

Branches:
Dungeon (6/15)
 Temple: D:4-7


Innate Abilities, Weirdness & Mutations

You have an increased reservoir of magic. (+10% MP)
You shall have no god before yourself.
Your divine heritage dramatically boosts your attributes as you level up.


Message History

Press: ? - help, v - describe, . - travel, g - get item
Here: a wight, wielding a +4 dagger of freezing and wearing a +0 robe Item here: a hound corpse.
The floor, spattered with blood.
Unknown command.
Fire: a) +0 shortbow
Press: ? - help, Q - select action, (/) - cycle Shift-Dir - straight line, f/p - wight
Aim: a wight, wielding a +4 dagger of freezing and wearing a +0 robe You shoot an arrow.
The arrow closely misses the wight.
The wight hits you with a +4 dagger of freezing.
* * * LOW HITPOINT WARNING * * *
You feel drained.
* * * LOW HITPOINT WARNING * * *
The wight freezes you.
* * * LOW HITPOINT WARNING * * *
The wight hits you with a +4 dagger of freezing!
* * * LOW HITPOINT WARNING * * *
The wight freezes you.
* * * LOW HITPOINT WARNING * * *
Fire: a) +0 shortbow
Press: ? - help, Q - select action, (/) - cycle Shift-Dir - straight line, f/p - wight
Aim: a wight, wielding a +4 dagger of freezing and wearing a +0 robe You shoot an arrow.
The arrow barely misses the wight.
The wight completely misses you.
Unknown command.
Fire: a) +0 shortbow
Press: ? - help, Q - select action, (/) - cycle Shift-Dir - straight line, f/p - wight
Aim: a wight, wielding a +4 dagger of freezing and wearing a +0 robe You shoot an arrow.
The arrow hits the wight.
The wight is lightly damaged.
The wight barely misses you.
Fire: a) +0 shortbow
Press: ? - help, Q - select action, (/) - cycle Shift-Dir - straight line, f/p - wight
Aim: a wight, wielding a +4 dagger of freezing and wearing a +0 robe (lightly damaged)
You shoot an arrow. The arrow barely misses the wight.
The wight hits you but does no damage.
The wight hits you with a +4 dagger of freezing!
* * * LOW HITPOINT WARNING * * *
You feel drained.
You die...

.......#...# #.#
.......#...#####.#
.................#
...###...........#
..:#.............#
...#.............#
.......##........#
.......##.......[###############
................@z.............#
..........#.......###########.##
............#...#......<....#.#
............#.#.#..###.####.#.#
...#........#...#..#........#.#
........#.......#..#.#.######.#
........#.....#.#..#.#.# #.#
.......##.....#.#..#.#.# #.#
#....####...#.#.#....#.# #.#


You could see a wight.

Vanquished Creatures
  2 water moccasins
  A black bear (D:4)
  An ogre (D:5)
  A phantom (D:5)
  A kobold brigand (D:5)
  4 necrophages (D:5)
  A wight (D:5)
  3 hounds
  An iguana (D:5)
  Terence (D:3)
  Natasha (thrice) (D:2)
  6 orc wizards
  9 adders
  4 gnolls (D:6)
  A white imp (D:5)
  A worm (D:4)
  3 dart slugs
  17 orcs
  10 ball pythons
  6 endoplasms
  2 giant cockroaches
  6 goblins
  3 hobgoblins
  4 jackals (D:1)
  4 quokkas
  3 bats
  5 frilled lizards
  11 kobolds
  10 rats
124 creatures vanquished.

Vanquished Creatures (others)
  2 plants (D:1)
2 creatures vanquished.

Grand Total: 126 creatures vanquished

Notes
Turn   | Place    | Note
-------+----------+-------------------------------------------
     0 | D:1      | zishaf the Demigod Hunter began the quest for the Orb.
     0 | D:1      | Reached XP level 1. HP: 17/17 MP: 3/3
   102 | D:1      | Reached XP level 2. HP: 20/24 MP: 4/4
   133 | D:1      | Noticed a shining eye
   149 | D:1      | Noticed a floating eye
   149 | D:1      | Noticed a golden eye
   149 | D:1      | Noticed a golden eye
   490 | D:2      | Noticed Natasha
   497 | D:2      | Killed Natasha
   498 | D:2      | Reached skill level 4 in Ranged Weapons
   498 | D:2      | Reached XP level 3. HP: 25/30 MP: 5/5
   647 | D:2      | Noticed Natasha
   653 | D:2      | Killed Natasha
   654 | D:2      | Reached XP level 4. HP: 32/37 MP: 6/6
   664 | D:2      | Noticed Natasha
   677 | D:2      | Killed Natasha
  1199 | D:3      | Reached XP level 5. HP: 41/45 MP: 7/7
  1294 | D:3      | Learned a level 3 spell: Swiftness
  1400 | D:3      | HP: 2/45 [orc/+0 flail (6)]
  1490 | D:3      | Noticed a water moccasin
  1500 | D:3      | Killed a water moccasin
  1501 | D:3      | Reached skill level 1 in Evocations
  1501 | D:3      | Reached XP level 6. HP: 28/51 MP: 8/8
  1751 | D:3      | Noticed Terence
  1757 | D:3      | Killed Terence
  1972 | D:4      | Reached skill level 5 in Ranged Weapons
  2514 | D:5      | Entered Level 5 of the Dungeon
  2647 | D:5      | Reached XP level 7. HP: 21/59 MP: 9/9
  3490 | D:5      | Reached XP level 8. HP: 40/67 MP: 10/10
  3501 | D:5      | Reached skill level 5 in Fighting
  3501 | D:5      | Reached skill level 5 in Dodging
  3762 | D:6      | Reached skill level 6 in Ranged Weapons
  3874 | D:5      | HP: 3/60 [wight/+4 dagger of freezing (7)]
  3874 | D:5      | Slain by a wight

Illustrated notes

Levels and vault maps discovered:
D:1:      erik_arrival_orb_chamber, layout_rooms,
          hellmonk_ecumenical_altar_watching_god, serial_forest,
          infiniplex_forest_lined_room_, infiniplex_forest_clump_C,
          infiniplex_forest_clump_cross, infiniplex_forest_lined_2,
          infiniplex_forest_clump_C, infiniplex_forest_lined_ring
D:2:      layout_basic, minmay_hexomino_f4, uniq_natasha
D:3:      layout_basic, general_overflow_altar, nicolae_sif_muna_condensation,
          uniq_terence
D:4:      layout_gridville, chei_slow_surprise
D:5:      layout_basic, amcnicky_altar_gilded
D:6:      layout_cave_pools, minmay_temple_entry_drinking_statues,
          serial_gnoll_camp, gnoll_camp_huts_basic, gnoll_camp_mini_loothouse,
          gnoll_camp_mini_hut, gnoll_camp_mini_basic, gnoll_camp_mini_basic,
          guppyfry_early_elven_hall

Skill      XL: |  1  2  3  4  5  6  7  8 |
---------------+-------------------------+-----
Fighting       | 2 3 4 5 |  5.2
Dodging        | 2 3 4 5 |  5.2
Ranged Weapons | 4 5 6 |  6.1
Evocations     | 1 2 3 |  3.9
Stealth        | |  0.8

Action                   |  1- 3 |  4- 6 |  7- 9 || total
-------------------------+-------+-------+-------++-------
 Fire: Shortbow          |   117 |   167 |   207 ||   491
  Use: Potion            |       |     1 |       ||     1
       Scroll            |       |       |     3 ||     3
Armor: Leather armour    |     3 |       |       ||     3
       Ring mail         |    12 |    61 |    49 ||   122
Dodge: Dodged            |    37 |   114 |   141 ||   292

Table legend: (Time is in decaauts)
 A = Elapsed time spent in this place.
 B = Non-inter-level travel time spent in this place.
 C = Inter-level travel time spent in this place.
 D = Time resting spent in this place.
 E = Time spent auto-exploring this place.
 F = Levels seen in this place.
 G = Mean time per level.
                   A        B        C        D        E       F      G
               +--------+--------+--------+--------+--------+-----+--------+
         Total |   4077 |   3827 |    250 |    224 |   2587 |   6 |  679.5 |
       Dungeon |   4077 |   3827 |    250 |    224 |   2587 |   6 |  679.5 |
               +--------+--------+--------+--------+--------+-----+--------+

Top non-repeatable levels by time:
     D:5: 1309 daAuts
     D:2: 755 daAuts
     D:3: 734 daAuts
     D:4: 622 daAuts
     D:1: 514 daAuts
     D:6: 141 daAuts
